 Dungeon Crawl Stone Soup version 0.22-a0-305-gd21a89c538 (webtiles) character file.

4940 aredel the Charlatan (level 10, -12/92 HPs)
             Began as a Naga Fighter on Mar 31, 2018.
             Was a Priest of Kikubaaqudgha.
             Mangled by Gastronok (28 damage)
             ... on level 9 of the Dungeon.
             The game lasted 00:29:10 (8741 turns).

aredel the Charlatan (Naga Fighter)                 Turns: 8741, Time: 00:29:11

Health: -12/92     AC: 11    Str: 20    XL:     10   Next: 52%
Magic:  15/15      EV: 14    Int: 16    God:    Kikubaaqudgha [***...]
Gold:   427        SH: 10    Dex: 15    Spells: 9/13 levels left

rFire    . . .     SeeInvis +   N - +2 dagger (venom)
rCold    . . .     Gourm    .   c - +0 shield
rNeg     . . .     Faith    .   b - +0 scale mail
rPois    +         Spirit   .   (no helmet)
rElec    .         Reflect  .   H - +0 cloak
rCorr    .         Harm     .   B - +1 pair of gloves
MR       +....                  (no barding)
Stlth    +++.......             (no amulet)
HPRegen  0.25/turn              X - +1 ring of evasion
MPRegen  0.14/turn              V - ring of wizardry

@: brilliant, agile, hasted, quick
A: large, see invisible, deformed body, poison resistance, slowness 2, slow
metabolism 1, spit poison 1, AC +3
a: Spit Poison, Receive Corpses, Renounce Religion


You were on level 9 of the Dungeon.
You worshipped Kikubaaqudgha.
Kikubaaqudgha was most pleased with you.
You were very hungry.

You visited 2 branches of the dungeon, and saw 10 of its levels.
You also visited: Sewer.

You collected 427 gold pieces.

Inventory:

Hand Weapons
 a - a +0 war axe
 o - the +8 long sword "Gusinan" {freeze, Dex+3}
   (You found it on level 8 of the Dungeon)

   It has been specially enchanted to freeze those struck by it, causing extra
   injury to most foes and up to half again as much damage against particularly
   susceptible opponents.
   It can also slow down cold-blooded creatures.
   It affects your dexterity (+3).
 N - a +2 dagger of venom (weapon)
 Z - a +2 morningstar of venom
Missiles
 h - 328 stones
 w - 14 tomahawks (quivered)
 E - a throwing net
Armour
 b - a +0 scale mail (worn)
 c - a +0 shield (worn)
 l - a +0 chain mail
 B - a +1 pair of gloves (worn)
 C - a +0 plate armour
 H - a +0 cloak (worn)
 T - a scarf of repulsion
Jewellery
 k - an uncursed ring of resist corrosion
 x - an uncursed ring of fire
 V - a ring of wizardry (right hand)
 X - a +1 ring of evasion (left hand)
Wands
 s - a wand of acid (9)
 G - a wand of digging (14)
 Q - a wand of paralysis (8)
Scrolls
 g - 5 scrolls of magic mapping
 i - a scroll of enchant weapon {unknown}
 m - 2 scrolls of identify
 p - 2 scrolls of blinking
 r - 6 scrolls of teleportation
 t - 8 scrolls of remove curse
 y - a scroll of fear {unknown}
 z - 3 scrolls of amnesia {unknown}
 D - 2 scrolls of noise {unknown}
 P - a scroll of enchant armour {unknown}
Potions
 d - a potion of might
 e - 2 potions of magic {unknown}
 j - 5 potions of flight
 n - 5 potions of curing
 q - 4 potions of haste
 u - 2 potions of degeneration {unknown}
 v - a potion of brilliance
 A - a potion of cancellation {unknown}
 F - 2 potions of agility
 J - a potion of invisibility {unknown}
 M - 2 potions of heal wounds {unknown}
 O - a potion of mutation {unknown}
 R - 2 potions of lignification {unknown}
Comestibles
 f - 15 rations


   Skills:
 + Level 6.8 Fighting
 - Level 2.0 Axes
 + Level 5.6 Armour
 - Level 3.0 Dodging
 - Level 7.2 Stealth
 - Level 5.0 Shields
 - Level 2.0 Spellcasting
 - Level 2.2 Charms
 + Level 3.8 Necromancy
 + Level 7.7 Evocations


You had 9 spell levels left.
You knew the following spells:

 Your Spells              Type           Power        Failure   Level  Hunger
a - Animate Skeleton      Necr           N/A          3%          1    #......
b - Regeneration          Chrm/Necr      ###.......   12%         3    ###....


Dungeon Overview and Level Annotations

Branches:
Dungeon (9/15)             Temple (1/1) D:4
   Lair: D:8-11         Orc: D:9-12

Altars:
Ashenzari
Cheibriados
Gozag
Hepliaklqana
Kikubaaqudgha
Makhleb
Okawaru
Ru
Sif Muna
Vehumet
Wu Jian
Xom
Yredelemnul
Zin

Annotations:
D:5 NeonDemon's ghost, amateur MiGl
D:8 kusayu's ghost, novice GnFi
D:9 Gastronok


Innate Abilities, Weirdness & Mutations

You cannot wear boots.
Your serpentine skin is tough. (AC +3)
You have supernaturally acute eyesight. (SInv)
Armour fits poorly on your strangely shaped body.
Your system is resistant to poisons. (rPois)
You cover ground very slowly.
You have a slow metabolism.
You can spit poison.


Message History

Gastronok barely misses you.
You hit Gastronok.
Gastronok is moderately wounded.
You hit Gastronok.
Gastronok looks as sick as possible!
Gastronok is moderately wounded.
You hit Gastronok.
Gastronok looks as sick as possible!
Gastronok is moderately wounded.
Gastronok waves his eye-stalks in wide circles.
The air twists around and strikes you!
* * * LOW HITPOINT WARNING * * *
You take 20 damage.
It was a potion of agility.
You feel agile all of a sudden.
It was a potion of brilliance.
You feel clever all of a sudden.
You feel better.
Gastronok is no longer covered in acid.
Gastronok gurgles, "I'll eat you, I will!"
Gastronok bites you!!
You die...
Kikubaaqudgha rasps: "You have failed me!
Welcome... death!"

#...... #......
#.....# #.....#
#.....######
#........<.#
..######..........#
............w.....#
..........).@.....#
....########)##...#
. #.......†.#...#
#.........#...#
#.........#...#
#.........#...#
########### .#


You could see Gastronok.

Vanquished Creatures
  Erica (D:9)
  A two-headed ogre (D:9)
  A hippogriff (D:7)
  A dream sheep (D:8)
  2 yaks (D:8)
  A hungry ghost (D:7)
  Menkaure (D:4)
  Duvessa (D:5)
  2 orc warriors
  An ice beast (D:8)
  2 sky beasts (D:5)
  3 ogres
  3 centaurs
  3 big kobolds
  A water moccasin zombie (D:7)
  Dowan (D:5)
  3 bullfrogs (D:7)
  4 howler monkeys
  A bullfrog zombie (D:6)
  A crimson imp (D:7)
  A hound (D:5)
  A centaur skeleton (D:4)
  Crazy Yiuf (D:4)
  A bullfrog skeleton (D:4)
  5 orc priests
  5 orc wizards
  Jessica (D:2)
  4 iguanas
  2 worker ants
  2 hound skeletons (D:7)
  3 howler monkey skeletons
  3 gnolls (D:2)
  8 adders
  5 river rats (Sewer)
  2 shadow imps
  2 oozes
  3 adder skeletons (D:4)
  6 worms
  A dart slug (D:4)
  5 leopard geckos
  27 orcs
  6 bats
  9 giant cockroaches
  11 goblins
  6 hobgoblins
  10 jackals
  15 kobolds
  3 quokkas
  5 ball pythons
  4 frilled lizards
  A leopard gecko skeleton (D:4)
  A quokka skeleton (D:5)
  12 rats
205 creatures vanquished.

Notes
Turn   | Place    | Note
-------+----------+-------------------------------------------
     0 | D:1      | aredel the Naga Fighter began the quest for the Orb.
     0 | D:1      | Reached XP level 1. HP: 21/21 MP: 1/1
   155 | D:2      | Noticed Jessica
   158 | D:2      | Killed Jessica
   158 | D:2      | Reached XP level 2. HP: 29/30 MP: 2/2
   158 | D:2      | Reached XP level 3. HP: 35/36 MP: 3/3
   296 | D:3      | Found a shattered altar of Ashenzari.
   324 | D:3      | Found a glowing drain.
   350 | Sewer    | Entered a sewer
   365 | Sewer    | Reached XP level 4. HP: 11/44 MP: 4/4
  1039 | Sewer    | Reached XP level 5. HP: 51/51 MP: 5/5
  1221 | Sewer    | Noticed a big kobold
  1229 | Sewer    | Killed a big kobold
  1377 | Sewer    | Reached skill level 5 in Fighting
  1468 | D:4      | Reached XP level 6. HP: 56/61 MP: 6/6
  1511 | D:4      | Found a glowing silver altar of Zin.
  1619 | D:4      | Found a runed door.
  1808 | D:4      | Found an ornate altar of the Wu Jian Council.
  1808 | D:4      | Found an ancient bone altar of Kikubaaqudgha.
  1808 | D:4      | Found a radiant altar of Vehumet.
  1810 | D:4      | Found a sacrificial altar of Ru.
  1810 | D:4      | Found a deep blue altar of Sif Muna.
  1823 | D:4      | Became a worshipper of Kikubaaqudgha
  1824 | D:4      | Reached XP level 7. HP: 28/68 MP: 7/7
  1972 | D:3      | Reached skill level 5 in Shields
  2496 | D:2      | Reached * piety under Kikubaaqudgha
  2496 | D:2      | Identified Kikubaaqudgha's Incunabulum of Dark Rituals (Kikubaaqudgha gifted it to you on level 2 of the Dungeon)
  2496 | D:2      | Received a gift from Kikubaaqudgha
  3257 | D:2      | Reached skill level 1 in Stealth
  3913 | D:4      | Found a staircase to the Ecumenical Temple.
  3920 | Temple   | Entered the Ecumenical Temple
  4018 | D:4      | Reached skill level 1 in Dodging
  4171 | D:4      | Noticed Crazy Yiuf
  4181 | D:4      | Killed Crazy Yiuf
  4236 | D:5      | Entered Level 5 of the Dungeon
  4252 | D:5      | Noticed Menkaure
  4253 | D:5      | Got a heavily runed ring mail
  4304 | D:4      | Identified the +1 ring mail of Lesser Demons {-Cast Dex+3 Stlth+} (You found it on level 5 of the Dungeon)
  4354 | D:4      | Killed Menkaure
  4354 | D:4      | Reached XP level 8. HP: 37/76 MP: 8/8
  4511 | D:4      | Learned a level 1 spell: Animate Skeleton
  4515 | D:4      | Learned a level 3 spell: Regeneration
  4535 | D:5      | Reached ** piety under Kikubaaqudgha
  4741 | D:5      | Found a burning altar of Makhleb.
  4748 | D:5      | Reached skill level 5 in Stealth
  4786 | D:5      | Noticed NeonDemon's ghost (amateur MiGl)
  5849 | D:5      | Noticed Duvessa
  5850 | D:5      | Noticed Dowan
  5868 | D:5      | Killed Duvessa
  5868 | D:5      | Reached skill level 1 in Evocations
  5868 | D:5      | Reached XP level 9. HP: 72/82 MP: 8/10
  5879 | D:5      | Killed Dowan
  5879 | D:5      | Reached skill level 5 in Armour
  6021 | D:5      | Found a shattered altar of Ashenzari.
  6021 | D:5      | Found a basalt altar of Yredelemnul.
  6037 | D:5      | Found a faded altar of an unknown god.
  6039 | D:5      | Found an opulent altar of Gozag.
  6040 | D:5      | Found a faded altar of an unknown god.
  6695 | D:7      | Found a hazy altar of Hepliaklqana.
  6773 | D:7      | Reached *** piety under Kikubaaqudgha
  6773 | D:7      | Identified Kikubaaqudgha's Incunabulum of Necromancy (Kikubaaqudgha gifted it to you on level 7 of the Dungeon)
  6773 | D:7      | Received a gift from Kikubaaqudgha
  6921 | D:7      | Reached skill level 5 in Evocations
  7358 | D:7      | Reached skill level 1 in Charms
  7358 | D:7      | Reached skill level 1 in Necromancy
  7518 | D:7      | Reached skill level 1 in Spellcasting
  7753 | D:8      | Got a jewelled long sword
  7853 | D:8      | Identified the +8 long sword "Gusinan" {freeze, Dex+3} (You found it on level 8 of the Dungeon)
  8164 | D:8      | Reached XP level 10. HP: 62/91 MP: 13/15
  8288 | D:8      | Noticed kusayu's ghost (novice GnFi)
  8672 | D:9      | Noticed Gastronok
  8684 | D:9      | Noticed Erica
  8698 | D:9      | Killed Erica
  8720 | D:9      | Noticed a two-headed ogre
  8729 | D:9      | Killed a two-headed ogre
  8741 | D:9      | Mangled by Gastronok

Vault maps used:
D:1:      matt_arrival_grand_opening
D:2:      uniq_jessica
D:3:      cheibrodos_pilgrimage, first_ration, cheibrodos_sewer_entry_sluice,
          kennysheep_small_spiral, nicolae_ashenzari_panopticon
D:4:      nicolae_overflow_hidden_temple, grunt_temple_overflow_open,
          temple_statues, uniq_crazy_yiuf_cottage
D:5:      chequers_temple_overflow_minitemple, makhleb_blood_cavern_becter,
          uniq_duvessa, uniq_menkaure
D:6:      minmay_misc_feat_hallway
D:7:      lemuel_doored_altar
D:8:      fedhas_altar_1, old_standard_altar, hangedman_ranch
D:9:      tso_metal_star, basic_altar, hangedman_incinerator, uniq_erica,
          uniq_maurice, uniq_gastronok, uniq_pikel
Temple:   nicolae_temple_figure_zero
Sewer:    sewer_co_15_rooms

Skill      XL: |  1  2  3  4  5  6  7  8  9 10 |
---------------+-------------------------------+-----
Shields        | 3 4 5 |  5.0
Fighting       | 4 5 6 |  6.8
Stealth        | 4 7 |  7.2
Dodging        | 2 3 |  3.0
Armour         | 3 4 5 |  5.6
Evocations     | 1 6 7 |  7.7
Charms         | 2 |  2.2
Necromancy     | 2 3 |  3.8
Spellcasting   | 2 |  2.0
Axes           | |  2.0

Action                   |  1- 3 |  4- 6 |  7- 9 | 10-12 || total
-------------------------+-------+-------+-------+-------++-------
Melee: War axe           |    52 |   146 |   268 |       ||   466
       Dagger            |       |       |   314 |    15 ||   329
       Long sword        |       |       |    32 |    45 ||    77
Throw: Stone             |       |     1 |       |       ||     1
       Tomahawk          |       |       |     5 |       ||     5
 Abil: Spit Poison       |     8 |     8 |    32 |     4 ||    52
Evoke: Wand              |       |       |     5 |     2 ||     7
  Use: Potion            |       |     1 |       |     5 ||     6
       Scroll            |       |       |     6 |       ||     6
 Stab: Sleeping          |       |       |     3 |       ||     3
       Paralysed         |       |       |     5 |     4 ||     9
  Eat: Chunk             |       |     3 |    21 |     1 ||    25
Armor: Scale mail        |    20 |    56 |   262 |    18 ||   356
       Ring mail         |       |       |     5 |       ||     5
Dodge: Dodged            |    15 |    37 |   151 |    15 ||   218
       Deflected         |       |       |     2 |       ||     2
Block: Shield            |    31 |    92 |   332 |    27 ||   482
       Rpst.: Long sword |       |       |     1 |     5 ||     6

Table legend:
 A = Spawn XP
 B = Non-spawn XP
 C = Spawn XP percentage of total XP
 D = Spawn monster count
 E = Non-spawn monster count
 F = Spawn count percentage of total count
 G = Total turns spent on level
                    A         B        C        D         E        F      G
               +---------+---------+-------+---------+---------+-------+---------
         Total |       0 |    7058 |   0.0 |       0 |     205 |   0.0 |  8741
               +---------+---------+-------+---------+---------+-------+---------
           D:1 |       0 |      30 |   0.0 |       0 |      19 |   0.0 |   688
           D:2 |       0 |     120 |   0.0 |       0 |      21 |   0.0 |   635
           D:3 |       0 |     227 |   0.0 |       0 |      35 |   0.0 |  1022
           D:4 |       0 |     629 |   0.0 |       0 |      26 |   0.0 |  1327
           D:5 |       0 |     753 |   0.0 |       0 |      22 |   0.0 |   954
           D:6 |       0 |     637 |   0.0 |       0 |      16 |   0.0 |   860
           D:7 |       0 |    1334 |   0.0 |       0 |      24 |   0.0 |  1112
           D:8 |       0 |    1084 |   0.0 |       0 |      13 |   0.0 |   628
           D:9 |       0 |    2019 |   0.0 |       0 |       5 |   0.0 |   435
         Sewer |       0 |     225 |   0.0 |       0 |      24 |   0.0 |  1051
               +---------+---------+-------+---------+---------+-------+---------
